Elbereth, lawful female human Valkyrie ---- -----..| -- --.--...--- ----- --- --- --- .---- |+...|....| --.|.-- |.-- --.----.--- ....| -..---[..-----.....| |..--- --...--....| .....---- |-.........!."....-- --...| |....%.....| .......... --.(....---------..-- --..| |...%.....)| .........| -......-- |...| |.--- --.......--- ...... |.--+./+-- |...| |.%.| --......| ---....- ----@.)..| --.-- ---.------..--..| |......| |..'--.-- |.- |...|.|..---------.| ...| --|.------ -.. ---......| |...| .- ---.|.| .-- --.....-| ---.--- |.....--- .- |.......| |...| - |...=.| . --/.....-----.--- |.....-- ..-- ---..........| |-.!...| ..| --..>......| |.....-- ..| |.........| --.---- (-- ---.----.-- -- -- --- --- Elbereth the Fighter Experience level: 8 Strength: 16 Dexterity: 14 Constitution: 18 Intelligence: 9 Wisdom: 12 Charisma: 8 Health: 0(86) Energy: 26(26) Def: 9 Gold: 446 Moves: 8071 Dungeon seed: PF3HGSuh-ey5Ox6i Game ID: Elbereth_1607607996 Your Inventory: Coins $ - 446 gold pieces Weapons a - the blessed rustproof +5 Excalibur (weapon in hand) Armor e - an uncursed +0 orcish helm n - an uncursed +0 scale mail (being worn) q - an uncursed +0 dwarvish cloak (being worn) r - an uncursed +0 dwarvish iron helm (being worn) y - an uncursed burnt +3 small shield (being worn) Comestibles k - an uncursed Maultasche X - 3 uncursed food rations Rings Y - a blessed +1 ring of increase damage (on left hand) Wands b - a wand of lightning (0:5) s - a blessed wand of digging (0:7) u - a wand of digging (0:6) Tools p - a +0 pick-axe Spells and supernatural/magical abilities: Name Level Category Fail Memory W - pray for help -- divine ? -- Your skills at the end: Fighting Skills Weapon Skills dagger [Basic] long sword [Basic] Spellcasting Skills Final Attributes: You were piously aligned. You were cold resistant. You were level-drain resistant. You were hallucinating. You had automatic searching. You were stealthy. You could teleport. You had a +1 damage bonus. You are dead. Vanquished creatures: a large mimic a leather golem a cockatrice 2 wolves a lynx a leprechaun 2 giant spiders a scorpion a black light a gnome king 4 ogres 2 brown puddings 2 Green-elves a lizard a dog a housecat a plains centaur a gnome mummy 3 apes a Woodland-elf 7 bugbears a quasit a water nymph 5 mountain nymphs an orc shaman 2 rock piercers 2 rock moles 2 ponies 12 gnome lords 4 gnomish wizards 2 kobold mummies a gray ooze 2 straw golems a paper golem 4 giant ants 3 little dogs a floating eye 4 dwarves a kobold shaman 3 hill orcs 4 rothes a centipede a monkey an orc zombie 2 dwarf zombies a werejackal 3 iguanas 2 killer bees 3 acid blobs 4 coyotes a hobbit 9 hobgoblins 4 giant rats 44 gnomes 3 geckos 9 jackals 3 foxes 2 kobolds 4 goblins 2 sewer rats 6 grid bugs 4 lichens 2 kobold zombies 6 newts and a partridge in a pear tree 209 creatures vanquished. Voluntary challenges: You had been an atheist until turn 3756. You used a wielded weapon 262 times, starting on turn 434. You read items or engraved 16 times, starting on turn 60. You never genocided any monsters. You polymorphed 18 items, starting on turn 7032. You never changed form. You used no wishes. You split 1 pudding, starting on turn 7101. You never wrote Elbereth's name. You violated your moral code, losing 19 points of alignment, starting on turn 5459. Dungeon overview: The Dungeons of Doom: levels 1 to 11 Level 1 a long staircase Level 2 Level 3 an altar to Tyr stairs to The Gnomish Mines Level 4 a weapon shop Level 5 a sink Level 6 Level 7 Level 8 a fountain Level 9 some altars to Tyr and Odin a long staircase Level 10 Level 11 a fountain The Gnomish Mines: levels 4 to 9 Level 4 stairs to The Dungeons of Doom Level 5 Level 6 many shops, a temple to Odin, some fountains Level 7 Level 8 Level 9 <- You were here History has recorded: On T:1 you entered the Dungeons of Doom to retrieve the Amulet of Yendor! On T:236 you reached level 2 of The Dungeons of Doom. On T:707 you reached level 3 of The Dungeons of Doom. On T:916 you advanced to experience level 2. On T:992 you reached level 4 of The Dungeons of Doom. On T:1330 you advanced to experience level 3. On T:1400 you reached level 5 of The Dungeons of Doom. On T:1535 you advanced to experience level 4. On T:1742 you reached level 6 of The Dungeons of Doom. On T:2059 you advanced to experience level 5. On T:2382 you reached level 7 of The Dungeons of Doom. On T:2646 you reached level 8 of The Dungeons of Doom. On T:3330 you advanced to experience level 6. On T:3520 you reached level 9 of The Dungeons of Doom. On T:4204 you reached level 11 of The Dungeons of Doom. On T:4239 you advanced to experience level 7. On T:4595 you reached level 10 of The Dungeons of Doom. On T:5329 you reached level 1 of The Gnomish Mines. On T:5991 you reached level 2 of The Gnomish Mines. On T:6015 you advanced to experience level 8. On T:6207 you reached level 4 of The Gnomish Mines. On T:6225 you reached level 3 of The Gnomish Mines. On T:7307 you reached level 5 of The Gnomish Mines. On T:7646 you reached level 6 of The Gnomish Mines. Score breakdown: Gold: 446 ( 9015 points) Experience: 8 levels (14739 points) Exploration: 11 levels ( 21.15%) (13284 points) Discoveries: 22 items ( 8.94%) ( 8971 points) Valuables value: (no points given unless you survive) Artifact value: 4000 (12253 points) Variety of kills: 64 monsters ( 16.80%) (12295 points) Turncount: 8071 turns (-2062 points) Survival: died (score multiplied by 80%) Total score: 54796 Latest messages: The gargoyle picks up a food ration. The vampire bat hits! You can't go up here. You kill the xan! The ogre misses. There are several objects here. The red naga hatchling hits! You hit the sewer rat! The homunculus hits! You kill the storm giant! There are several objects here. You kill the elf mummy! You hit the troll! The rust monster misses. You kill the lichen! You see here a wolf corpse. You see here a scorpion corpse. There are several objects here. (3x) The jaguar bites! You hit the black naga hatchling! The grue bites! You die... Final status: Farvel Elbereth the Valkyrie, killed by a hallucinogen-distorted wolf... You died in The Gnomish Mines on dungeon level 9 with 54796 points, and 446 pieces of gold, after 8071 moves. You were level 8 with a maximum of 86 hit points when you died.